AoeStats
← JesseW

Oasis

508718048Analyzed
2v2 RM · 7d ago on Sep 23, 2026· 18m 52s· 4 players
Game mode
Random Map
Map size
Medium (4 player)
Population
200
Speed
Normal
Resources
Standard
Victory
Conquest
Starting age
Dark Age
Ending age
Imperial Age
RankedLock teamsTeams togetherTeam positionsShared explorationLock speedFull tech treeHidden civsTurbo modeCheats
Victory
Defeat
🇳🇱 Sicilians · Netherlands
1183
+15
🇳🇱 Khmer · Netherlands
1175
+14
🇮🇹 Franks · Italy
1163
-15
🇩🇪 Magyars · Germany
1145
-14
Fabrikarbeiter
6:39 Loom
9:52 Feudal Age
12:48 Horse Collar
13:52 Fletching
21:25 Castle Age
Tobix0710
10:38 Feudal Age
13:20 Double-Bit Axe
CHAMPIONLOSER
12:05 Feudal Age
15:17 Castle Age
16:01 Bloodlines
16:37 Husbandry
JesseW
7:39 Loom
Connection lost

Rejoining the realm…

Still unreachable

The connection could not be restored.

Session expired

The server has moved on; the page needs a fresh start.